Jimbo, neutral male human Monk ----- -- --.|..--.-- .........---- ............- ...........` -........... -----........ |..........- |..........| -.<......| --...| - -@.-- |...| ....- |...... --..... ----..| |..| ---- Jimbo the Monk Experience level: 4 Strength: 18/01 Dexterity: 14 Constitution: 10 Intelligence: 8 Wisdom: 14 Charisma: 9 Health: 0(36) Energy: 11(11) Def: 6 Gold: 297 Moves: 571 Dungeon seed [set]: Game ID: Jimbo_1685876934 Your Inventory: Coins $ - 297 gold pieces Armor e - an uncursed +2 pair of leather gloves (being worn) n - an uncursed +1 robe (being worn) q - an uncursed +0 pair of iron shoes Comestibles f - 6 uncursed food rations g - 7 uncursed apples h - 5 uncursed oranges i - 3 uncursed fortune cookies m - an uncursed sprig of wolfsbane Scrolls b - an uncursed scroll of identify l - an uncursed scroll of water o - an uncursed scroll of scare monster C - a blessed scroll of enchant armor Spellbooks a - a blessed spellbook of healing Potions c - a blessed potion of healing d - 2 uncursed potions of healing D - an uncursed potion of paralysis E - an uncursed potion of full healing Wands j - an uncursed wand of enlightenment (0:3) Tools k - an uncursed magic marker (0:82) F - a blessed partly used tallow candle (0:146) G - an uncursed +0 pick-axe Spells and supernatural/magical abilities: Name Level Category Fail Memory h - healing 1 healing 0% 98% W - pray for help -- divine ? -- Your skills at the end: Miscellaneous Skills martial arts [Basic] wands [Basic] stealth [Skilled] Weapon Skills Spellcasting Skills healing spells [Basic] Final Attributes: You were devoutly aligned. You were sleep resistant. You were poison resistant. You had wounded legs. You saw invisible. You were stealthy. You were fast. You were lucky. You are dead. Vanquished creatures: a small mimic a bugbear 2 gnome lords 2 dwarves a giant bat a dwarf zombie a coyote 2 hobbits 2 geckos 2 hobgoblins 10 gnomes 5 manes a gnome zombie a jackal 5 newts 2 grid bugs 39 creatures vanquished. Voluntary challenges: You went without food. You did not adorn yourself with jewelry or accessories. You did not cause conflict. You were not invisible. You did not have reflection. You were not displaced. You were an atheist. You never hit with a wielded weapon. You did not use containers. You did not apply a unicorn horn. You did not use plumbed fixtures. You did not drink any magical draughts. You were illiterate. You never genocided any monsters. You never polymorphed an object. You never changed form. You used no wishes. You did not use any artifacts. You never split a pudding. You never wrote Elbereth's name. You never violated your personal moral code. Dungeon overview: The Dungeons of Doom: levels 1 to 3 Level 1 a bench a long staircase Level 2 (closed shop) a shop Level 3 a wand shop, a fountain stairs to The Gnomish Mines The Gnomish Mines: levels 4 to 6 Level 4 stairs to The Dungeons of Doom Level 5 Level 6 <- You were here History has recorded: On T:1 you entered the Dungeons of Doom to retrieve the Amulet of Yendor! On T:63 you reached level 2 of The Dungeons of Doom. On T:211 you reached level 3 of The Dungeons of Doom. On T:246 you advanced to experience level 2. On T:298 you advanced to experience level 3. On T:406 you reached level 1 of The Gnomish Mines. On T:496 you advanced to experience level 4. On T:547 you reached level 2 of The Gnomish Mines. On T:570 you reached level 3 of The Gnomish Mines. Score breakdown: Gold: 297 ( 29 points) Experience: 4 levels ( 300 points) Exploration: 6 levels ( 150 points) Discoveries: 6 items ( 300 points) Variety of kills: 16 monsters ( 800 points) Major goal: (nothing yet) ( 0 points) Survival: died (score multiplied by 3) Total score: 4737 Latest messages: You kill the gnome! The gnome king punches you! The gnome lord throws a dart! You are hit by a dart. You strike the gnome lord! You kill the gnome lord! There are a few objects here. You hear rumbling in the distance. The dwarf zombie scratches you! You destroy the dwarf zombie! You kill the gnome! (2x) There are a few objects here. (2x) You displace Killer. You snuff out your candle. Killer bites the gnome. The gnome is killed! KAABLAMM!!! You triggered a land mine! You hear the howling of the CwnAnnwn... You fall into a pit! You die... Final status: Goodbye Jimbo the Monk, fell into a pit... You died in The Gnomish Mines on dungeon level 6 with 4737 points, and 297 pieces of gold, after 571 moves. You were level 4 with a maximum of 36 hit points when you died.